 Dungeon Crawl Stone Soup version 0.29.1 (webtiles) character file.

Game seed: 11138622042870790529

507 testman the Chiller (level 7, -1/46 HPs)
             Began as a Merfolk Ice Elementalist on Sept 12, 2022.
             Succumbed to Edmund's poison
             ... on level 4 of the Dungeon.
             The game lasted 00:16:05 (3548 turns).

testman the Chiller (Merfolk Ice Elementalist)      Turns: 3548, Time: 00:16:06

Health: -1/46      AC: 12    Str:  5 (8)  XL:     7   Next: 18%
Magic:  0/13       EV: 12    Int: 13 (16) God:
Gold:   152        SH:  5    Dex: 12 (15) Spells: 3/14 levels left

rFire   . . .      SeeInvis .   l - +2 mace (drain)
rCold   . . .      Faith    .   (no shield)
rNeg    . . .      Spirit   .   a - +0 robe
rPois   .          Reflect  +   c - +2 helmet
rElec   .          Harm     .   u - +0 cloak
rCorr   .          Rampage  .   (no gloves)
Will    .....                   (no boots)
Stlth   ++........              r - amulet of reflection
HPRegen 0.15/turn               (no ring)
MPRegen 0.13/turn               (no ring)

@: lethally poisoned (-1 -> -15), ice-armoured (expiring), attractive
A: (nimble swimmer 2), mertail
a: no special abilities


You were on level 4 of the Dungeon.
You visited 1 branch of the dungeon, and saw 4 of its levels.

You collected 152 gold pieces.

Inventory:

Hand Weapons
 l - a +2 mace of draining (weapon)
 o - a +0 spear
Missiles
 k - 7 poisoned darts
Armour
 a - a +0 robe (worn)
 c - a +2 helmet (worn)
 u - a +0 cloak (worn)
Jewellery
 r - an amulet of reflection (around neck)
Wands
 b - a wand of light (7)
Scrolls
 d - a scroll of enchant weapon {unknown}
 g - 2 scrolls of silence {unknown}
 j - a scroll of immolation {unknown}
 m - 2 scrolls of identify {unknown}
 n - a scroll of poison {unknown}
 p - a scroll of noise {unknown}
 q - 3 scrolls of teleportation {unknown}
Potions
 e - a potion of attraction
 f - 3 potions of degeneration
 h - 3 potions of berserk rage {unknown}
 i - a potion of brilliance {unknown}
 s - a potion of heal wounds {unknown}
 t - a potion of curing {unknown}


   Skills:
 - Level 2.6 Dodging
 - Level 2.1 Stealth
 - Level 4.0 Spellcasting
 + Level 2.7 Conjurations
 + Level 7.1 Ice Magic


You had 3 spell levels left.
You knew the following spells:

 Your Spells              Type           Power      Damage    Failure   Level
a - Freeze                Ice            84%        1d10      1%          1
b - Frozen Ramparts       Ice            42%        1d7       3%          3
c - Ozocubu's Armour      Ice            21%        N/A       3%          3
d - Hailstorm             Conj/Ice       15%        3d5       26%         4

Your spell library contained the following spells:

 Spells                   Type           Power      Damage    Failure   Level
 Beastly Appendage        Tmut           4%         N/A       21%         1
 Wereblood                Tmut           2%         N/A       30%         2
 Call Canine Familiar     Summ           2%         N/A       52%         3
 Portal Projectile        Hex/Tloc       4%         N/A       52%         3
 Spider Form              Tmut/Pois      2%         N/A       52%         3
 Metabolic Englaciation   Hex/Ice        5%         N/A       80%         5
 Anguish                  Hex/Necr       1%         N/A       90%         4
 Leda's Liquefaction      Hex/Erth       1%         N/A       90%         4
 Fireball                 Conj/Fire      3%         3d4       97%         5
 Simulacrum               Ice/Necr       5%         N/A       100%        6
 Starburst                Conj/Fire      3%         6d3       100%        6
 Enfeeble                 Hex            1%         N/A       100%        7
 Ignition                 Fire           1%         3d3       100%        8


Dungeon Overview and Level Annotations

Branches:
Dungeon (4/15)
 Temple: D:4-7

Altars:
Nemelex Xobeh
Ru
Wu Jian
Xom

Shops:
D:1 (   D:3 [


Innate Abilities, Weirdness & Mutations

((You are very nimble when in or above water. (Stealth+, EV+, Speed+++)))
Your lower body shifts to a powerful aquatic tail in water.


Message History

You closely miss Edmund.
Edmund is almost dead.
You feel sick.
The wall freezes Edmund.
Edmund hits you with a +0 dire flail of venom.
You are more poisoned.
You barely miss Edmund. Your punch misses Edmund.
Edmund is almost dead.
You feel very sick.
The wall freezes Edmund.
Edmund hits you with a +0 dire flail of venom.
You are lethally poisoned!
You hit Edmund but do no damage.
Edmund is almost dead.
* * * LOW HITPOINT WARNING * * *
You feel very sick.
The wall freezes Edmund but does no damage.
Edmund barely misses you.
The wall freezes Edmund but does no damage.
Edmund hits you but does no damage.
You are more poisoned.
Aiming: Freeze (safe; 1% risk of failure)
Press: ? - help, Q - select action, (/) - cycle Shift-Dir - straight line, f - Edmund
Aim: Edmund, wielding a +0 dire flail of venom and wearing a +2 scale mail of willpower (almost dead, lightly drained)
You freeze Edmund.
You kill Edmund!
* * * LOW HITPOINT WARNING * * *
You feel very sick.
Your Ice Magic skill increases to level 7!
You have reached level 7!
Unknown command.
It was a potion of degeneration.
There was something very wrong with that liquid.
You feel weakened.
You feel dopey.
You feel clumsy.
Your icy armour starts to melt.
* * * LOW HITPOINT WARNING * * *
You feel very sick.
It was a potion of attraction.
You feel attractive to monsters.
The frozen ramparts melt away.
You die...

.............
...........@
...........
..........
.........#
...?.....#
#†.# #)## #@#
##.# #.## ##.#
##..# ##...#
##....#
##..##......
###..###..####


There were no monsters in sight!

Vanquished Creatures
  Edmund (D:4)
  A scorpion (D:4)
  A jelly (D:4)
  Jessica (D:3)
  Terence (D:2)
  3 orc wizards (D:3)
  3 gnolls (D:2)
  8 adders
  2 worms
  6 dart slugs
  4 orcs (D:3)
  3 ball pythons
  6 bats
  9 endoplasms
  2 giant cockroaches
  A hobgoblin (D:1)
  A jackal (D:1)
  6 kobolds
  2 quokkas
  4 frilled lizards
  A goblin (D:4)
  4 rats
70 creatures vanquished.

Vanquished Creatures (others)
  An orc (D:3)
1 creature vanquished.

Grand Total: 71 creatures vanquished

Notes
Turn   | Place    | Note
-------+----------+-------------------------------------------
     0 | D:1      | testman the Merfolk Ice Elementalist began the quest for
                  | the Orb.
     0 | D:1      | Reached XP level 1. HP: 13/13 MP: 3/3
   328 | D:1      | Reached XP level 2. HP: 11/19 MP: 0/5
   731 | D:1      | Reached XP level 3. HP: 24/24 MP: 3/6
  1098 | D:1      | Reached skill level 5 in Ice Magic
  1162 | D:1      | Found Wyphoas Gefo's Weapon Shop.
  1282 | D:2      | Learned a level 3 spell: Frozen Ramparts
  1286 | D:2      | Learned a level 3 spell: Ozocubu's Armour
  1375 | D:2      | Found a faded altar of an unknown god.
  1654 | D:2      | Reached XP level 4. HP: 30/30 MP: 6/8
  1946 | D:2      | Noticed Terence
  1958 | D:2      | Killed Terence
  2172 | D:2      | Reached XP level 5. HP: 35/35 MP: 6/10
  2254 | D:2      | Learned a level 4 spell: Hailstorm
  2355 | D:3      | Noticed Jessica
  2382 | D:3      | Killed Jessica
  2385 | D:3      | Reached skill level 6 in Ice Magic
  2818 | D:3      | Reached skill level 1 in Conjurations
  2818 | D:3      | Reached XP level 6. HP: 34/41 MP: 6/12
  3066 | D:3      | Found Elaulag's Armour Shop.
  3089 | D:3      | Found an ornate altar of the Wu Jian Council.
  3360 | D:4      | Found a shimmering altar of Xom.
  3361 | D:4      | Found a sacrificial altar of Ru.
  3365 | D:4      | Found a sparkling altar of Nemelex Xobeh.
  3392 | D:4      | Noticed Edmund
  3546 | D:4      | Killed Edmund
  3547 | D:4      | Reached skill level 7 in Ice Magic
  3547 | D:4      | Reached XP level 7. HP: 6/46 MP: 0/13
  3547 | D:4      | HP: 2/46 [poisoned by Edmund]
  3548 | D:4      | Succumbed to Edmund's poison

Illustrated notes

Levels and vault maps discovered:
D:1:      minmay_arrival_shoal_huts, layout_loops_cross, serial_shops, shop,
          minmay_misc_feat_cross, st_stairs_2, minmay_pentomino_p2
D:2:      layout_basic, basic_ecumenical_altar, uniq_terence
D:3:      layout_basic, mainiacjoe_overflow_surrounded_room, serial_shops, shop,
          amethyst_killhole, uniq_jessica
D:4:      layout_cave_pods, chequers_temple_overflow_statue_of_worship,
          st_stairs_8, bh_walls_and_bars, uniq_edmund

Skill      XL: |  1  2  3  4  5  6 |
---------------+-------------------+-----
Ice Magic      | 5 6 7 |  7.1
Spellcasting   | 3 4 |  4.0
Conjurations   | 1 2 |  2.7
Dodging        | |  2.6
Stealth        | |  2.1

Action                   |  1- 3 |  4- 6 |  7- 9 || total
-------------------------+-------+-------+-------++-------
Melee: Unarmed           |    14 |       |       ||    14
       Whip              |     3 |       |       ||     3
       Hand axe          |     2 |       |       ||     2
       Short sword       |    21 |       |       ||    21
       Mace              |    18 |    55 |       ||    73
       Punch             |       |     1 |       ||     1
 Cast: Freeze            |    36 |    25 |       ||    61
       Frozen Ramparts   |       |    11 |       ||    11
       Ozocubu's Armour  |       |     4 |       ||     4
  Use: Potion            |       |     1 |     2 ||     3
 Stab: Sleeping          |     4 |     2 |       ||     6
Armor: Robe              |    25 |    29 |       ||    54
Dodge: Dodged            |    47 |    42 |       ||    89
Block: Other             |       |     8 |       ||     8
       Reflection        |       |     1 |       ||     1
